 Dungeon Crawl Stone Soup version 0.27.0-1-g7a089689b8 (webtiles) character file.

Game seed: 5795080123142573357

88 Sin92 the Skirmisher (level 4, -6/35 HPs)
             Began as a Demonspawn Fighter on Aug 8, 2021.
             Mangled by a gnoll (7 damage)
             ... on level 3 of the Dungeon.
             The game lasted 00:02:19 (2426 turns).

Sin92 the Skirmisher (Demonspawn Fighter)           Turns: 2426, Time: 00:02:20

Health: -6/35      AC:  6    Str: 15 (17) XL:     4   Next: 30%
Magic:  4/4        EV:  7    Int: 11 (12) God:
Gold:   78         SH:  8    Dex: 11 (12) Spells: 3/3 levels left

rFire    . . .     SeeInvis .   a - +0 war axe
rCold    . . .     Faith    .   c - +0 kite shield
rNeg     . . .     Spirit   .   b - +0 scale mail
rPois    .         Reflect  .   (no helmet)
rElec    .         Harm     .   (no cloak)
rCorr    .         Rampage  .   (no gloves)
Will     .....                  (no boots)
Stlth    ..........             (no amulet)
HPRegen  0.11/turn              (no ring)
MPRegen  0.09/turn              (no ring)

@: mighty
A: talons 1, big brain 1
a: no special abilities


You were on level 3 of the Dungeon.
You visited 1 branch of the dungeon, and saw 3 of its levels.

You collected 78 gold pieces.

Inventory:

Hand Weapons
 a - a +0 war axe (weapon)
Armour
 b - a +0 scale mail (worn)
 c - a +0 kite shield (worn)
Jewellery
 d - a ring of fire
Scrolls
 f - 3 scrolls of identify {unknown}
 g - a scroll of silence {unknown}
 i - a scroll of noise {unknown}
 j - a scroll of immolation {unknown}


   Skills:
 + Level 3.4 Fighting
 * Level 2.8 Axes
 + Level 3.1 Armour
 + Level 1.1 Dodging
 + Level 3.1 Shields


You had 3 spell levels left.
You didn't know any spells.
Your spell library was empty.

Dungeon Overview and Level Annotations

Branches:
Dungeon (3/15)

Altars:
Nemelex Xobeh


Innate Abilities, Weirdness & Mutations

You have sharp toenails.
You have an unusually large brain. (Int +2)


Message History

The gnoll shouts!
The gnoll hits you with a +0 halberd! The gnoll hits you but does no damage.
You see here a +0 club.
Unknown command.
You are too injured to fight recklessly!
You are too injured to fight recklessly!
There are monsters nearby!
Unknown command.
You are too injured to fight recklessly!
Unknown command.
You are too injured to fight recklessly!
Unknown command.
You are too injured to fight recklessly!
You slash the gnoll!
The gnoll is heavily wounded.
The gnoll hits you with a +0 halberd!
* * * LOW HITPOINT WARNING * * *
The gnoll hits you from afar with a +0 spear.
* * * LOW HITPOINT WARNING * * *
The gnoll hits you from afar with a +0 spear.
* * * LOW HITPOINT WARNING * * *
The gnoll barely misses you.
You barely miss the gnoll.
The gnoll is heavily wounded.
The gnoll barely misses you. x2
You are too injured to fight recklessly!
You are too injured to fight recklessly!
It was a potion of magic.
Magic courses through your body.
The gnoll hits you but does no damage. x2
It was a potion of degeneration.
There was something very wrong with that liquid.
You feel weakened.
You feel dopey.
You feel clumsy. You block the gnoll's attack.
The gnoll hits you from afar with a +0 spear.
* * * LOW HITPOINT WARNING * * *
You slash the gnoll!
You kill the gnoll!
The gnoll hits you but does no damage.
The gnoll hits you from afar with a +0 spear!
You die...

#.#
.##.######.#
.##.<†))...#
.##.########
.##.# ##.##.#
#g. #.# #g#
#.#
.#####@###.#
..........<.#
.....##?###.#
.... .... ..#
........#####
.....####
..... .##


You could see 2 gnolls.

Vanquished Creatures
  5 gnolls (D:3)
  An adder (D:2)
  A worm (D:2)
  A dart slug (D:1)
  6 bats
  5 endoplasms
  2 goblins (D:1)
  2 hobgoblins (D:1)
  2 jackals (D:2)
  2 quokkas (D:1)
  6 frilled lizards
  3 kobolds (D:1)
  4 rats
40 creatures vanquished.

Notes
Turn   | Place    | Note
-------+----------+-------------------------------------------
     0 | D:1      | Sin92 the Demonspawn Fighter began the quest for the Orb.
     0 | D:1      | Reached XP level 1. HP: 18/18 MP: 1/1
   221 | D:1      | Gained mutation: You have an unusually large brain. (Int
                  | +2) [demonic ancestry]
   221 | D:1      | Reached XP level 2. HP: 24/24 MP: 2/2
  1606 | D:2      | Reached XP level 3. HP: 29/29 MP: 3/3
  2184 | D:2      | Found a sparkling altar of Nemelex Xobeh.
  2381 | D:3      | Reached skill level 1 in Dodging
  2381 | D:3      | Gained mutation: You have sharp toenails. [demonic
                  | ancestry]
  2381 | D:3      | Reached XP level 4. HP: 31/35 MP: 4/4
  2425 | D:3      | HP: 1/35 [gnoll (3)]
  2426 | D:3      | Mangled by a gnoll

Illustrated notes

Levels and vault maps discovered:
D:1:      minmay_arrival_plants_in_alcoves, layout_basic, serial_bayou_pond_e,
          hangedman_abyss_or_decor_lesser_grid
D:2:      layout_basic, basic_altar
D:3:      layout_loops_ring

Skill      XL: |  1  2  3 |
---------------+----------+-----
Axes           | 2 |  2.8
Shields        | 3 |  3.1
Armour         | 3 |  3.1
Dodging        | 1 |  1.1
Fighting       | |  3.4

Action                   |  1- 3 |  4- 6 || total
-------------------------+-------+-------++-------
Melee: War axe           |   101 |     8 ||   109
       Kick              |       |     2 ||     2
  Use: Potion            |     1 |     2 ||     3
Armor: Scale mail        |    63 |     4 ||    67
Dodge: Dodged            |    31 |     5 ||    36
Block: Kite shield       |    63 |     5 ||    68
